 Dungeon Crawl Stone Soup version 0.30-a0-845-g7c6808c8ce (webtiles) character file.

Game seed: 12539569317583393598

4 demibob the Grave Robber (level 1, 0/13 HPs)
             Began as a Demonspawn Wanderer on Mar 2, 2023.
             Slain by a jackal (2 damage)
             ... on level 1 of the Dungeon.
             The game lasted 00:00:15 (62 turns).

demibob the Grave Robber (Demonspawn Wanderer)        Turns: 62, Time: 00:00:15

Health: 0/13       AC:  2    Str: 12    XL:     1   Next: 50%
Magic:  2/2        EV: 11    Int: 12    God:
Gold:   0          SH:  0    Dex: 13    Spells: 1/2 levels left

rFire   . . .      SeeInvis .      - Unarmed
rCold   . . .      Faith    .    (no shield)
rNeg    . . .      Spirit   .    e - +0 robe
rPois   .          Reflect  .    (no helmet)
rElec   .          Rampage  .    (no cloak)
rCorr   .                        (no gloves)
Will    .....                    (no boots)
Stlth   +                        (no amulet)
HPRegen 0.22/turn                (no ring)
MPRegen 0.08/turn                (no ring)

@: no status effects
A: no striking features
a: no special abilities


You were on level 1 of the Dungeon.
You visited 1 branch of the dungeon, and saw 1 of its levels.


   Skills:
 - Level 1.7 Throwing
 + Level 3.0 Unarmed Combat
 - Level 1.0 Spellcasting
 - Level 4.3 Necromancy


You had one spell level left.
You knew the following spells:

 Your Spells              Type           Power      Damage    Failure   Level
X - Kiss of Death         Conj/Necr      20%        2d7       12%         1

Your spell library contained the following spells:

 Spells                   Type           Power      Damage    Failure   Level
 Animate Dead             Necr           11%        N/A       45%         4
 Anguish                  Hex/Necr       2%         N/A       77%         4

Inventory:

Hand Weapons
 a - a +0 dagger
Missiles
 b - 7 boomerangs (quivered)
Armour
 e - a +0 robe (worn)
Scrolls
 f - a scroll of immolation {unknown}
Potions
 c - a potion of attraction
 d - a potion of haste {@q3}

Dungeon Overview and Level Annotations

Branches:
Dungeon (1/15)

Altars:

#......##..#.......#..
#..[...'...#.......#..
#......##..#.......+..
#####'###..#...<...#..
#.# #..#.......#.. #.#
#..+.......#..
##########.#
#..#.......#
....)....#.#
#..#.......#
.........#@#
#..###+#####
.........#h#
........h#h#
.....)...'.#
.........###
.........# .........#
........(# .........#


You could see 2 jackals.


Message History

The jackal attacks as you move away! The jackal misses you.
The jackal barely misses you.
There is an open door here.
The goblin attacks as you move away! The goblin completely misses you.
You hit the goblin.
You kill the goblin!
The jackal bites you.
* * * LOW HITPOINT WARNING * * *
Things that are here:
a +0 dagger; a goblin corpse You hit the jackal.
The jackal is heavily wounded.
The jackal barely misses you.
You hit the jackal but do no damage.
The jackal is heavily wounded.
The jackal bites you.
* * * LOW HITPOINT WARNING * * *
The jackal bites you.
* * * LOW HITPOINT WARNING * * *
You hit the jackal.
You kill the jackal!
Your Unarmed Combat skill increases to level 3!
You hit the jackal.
The jackal is moderately wounded.
The jackal bites you.
* * * LOW HITPOINT WARNING * * *
You closely miss the jackal.
The jackal is moderately wounded.
The jackal barely misses you. The jackal bites you.
You die...

Skill      XL: |  1 |
---------------+----+-----
Unarmed Combat | 3 |  3.0
Throwing       | |  1.7
Spellcasting   | |  1.0
Necromancy     | |  4.3

Action                     || total
---------------------------++-------
  Melee: Unarmed           ||    10
 Armour: Robe              ||     1
  Dodge: Dodged            ||     5

Levels and vault maps discovered:
D:1:      lemuel_arrival_room, layout_basic,
          hellmonk_ecumenical_altar_leap_of_faith, serial_corexii_hall,
          chequers_hall_statues_wall_a, corexii_hall_statues_t

Notes
Turn   | Place    | Note
-------+----------+-------------------------------------------
     0 | D:1      | demibob the Demonspawn Wanderer began the quest for the
                  | Orb.
     0 | D:1      | demibob set off with the following items: a +0 dagger, 7
                  | boomerangs, a potion of attraction, a potion of haste
                  | {@q3}, a +0 robe; and the following spell memorised: Kiss
                  | of Death; and the following spells available to memorise:
                  | Animate Dead, Anguish.
     0 | D:1      | Reached XP level 1. HP: 13/13 MP: 2/2
    61 | D:1      | Reached skill level 3 in Unarmed Combat
    62 | D:1      | Slain by a jackal

Vanquished Creatures
  A ball python (D:1)
  A goblin (D:1)
  A jackal (D:1)
3 creatures vanquished.

Table legend: (Time is in decaauts)
 A = Elapsed time spent in this place.
 B = Non-inter-level travel time spent in this place.
 C = Inter-level travel time spent in this place.
 D = Time resting spent in this place.
 E = Time spent auto-exploring this place.
 F = Levels seen in this place.
 G = Mean time per level.
                   A        B        C        D        E       F      G
               +--------+--------+--------+--------+--------+-----+--------+
         Total |     60 |     60 |      0 |      0 |     38 |   1 |   60.0 |
       Dungeon |     60 |     60 |      0 |      0 |     38 |   1 |   60.0 |
               +--------+--------+--------+--------+--------+-----+--------+

Top non-repeatable levels by time:
     D:1: 60 daAuts

Table legend:
 A = Non-vault XP
 B = Vault XP
 C = Vault XP percentage of total XP
 D = Non-vault monster count
 E = Vault monster count
 F = Vault count percentage of total count
                 A         B        C        D         E       F
            +---------+---------+-------+---------+---------+-------
      Total |       6 |       0 |   0.0 |       3 |       0 |   0.0
            +---------+---------+-------+---------+---------+-------
        D:1 |       6 |       0 |   0.0 |       3 |       0 |   0.0
            +---------+---------+-------+---------+---------+-------
